 Dungeon Crawl Stone Soup version 0.23.2-40-g277498a (webtiles) character file.

Game seed: 4334647240321774580

12341 CrazyJ the Arsonist (level 11, 0/90 HPs)
             Began as a Grey Draconian Fire Elementalist on Sept 10, 2019.
             Was an Elder of Nemelex Xobeh.
             Slain by a seven-headed hydra (1 damage)
             ... on level 3 of the Lair of Beasts.
             The game lasted 01:50:10 (14491 turns).

CrazyJ the Arsonist (DrFE)                         Turns: 14491, Time: 01:50:11

Health: 0/90       AC: 14    Str: 17    XL:     11   Next: 61%
Magic:  1/19       EV: 13    Int: 18    God:    Nemelex Xobeh [****..]
Gold:   688        SH: 11    Dex: 11    Spells: 3/21 levels left

rFire    . . .     SeeInvis .   z - +4 spear
rCold    + . .     Gourm    .   H - +3 buckler {rC+}
rNeg     . . .     Faith    .   (armour unavailable)
rPois    .         Spirit   .   (helmet restricted)
rElec    .         Reflect  +   i - +0 cloak
rCorr    .         Harm     .   (no gloves)
MR       +....                  c - +0 pair of boots
Stlth    ++........             I - +3 amulet of reflection
HPRegen  0.25/turn              E - +5 ring of strength
MPRegen  0.16/turn              y - ring of protection from magic

@: no status effects
A: walk through water, unfitting armour, unbreathing, cold-blooded, AC +12
a: Draw Escape, Draw Destruction, Draw Summoning, Triple Draw, Deal Four,
Renounce Religion


You were on level 3 of the Lair of Beasts.
You worshipped Nemelex Xobeh.
Nemelex Xobeh was greatly pleased with you.
You were not hungry.

You visited 3 branches of the dungeon, and saw 13 of its levels.

You collected 688 gold pieces.

Inventory:

Hand Weapons
 t - a +0 halberd
 w - a +0 war axe
 x - a +0 hunting sling
 z - a +4 spear (weapon)
 B - a +0 trident
Missiles
 g - 189 stones (quivered)
 h - 77 arrows
 j - a throwing net
 o - 59 sling bullets
 s - 5 poisoned tomahawks
 G - 59 poisoned needles
Armour
 c - a +0 pair of boots (worn)
 i - a +0 cloak (worn)
 H - a +3 buckler of cold resistance (worn)
Jewellery
 e - an uncursed ring of stealth
 f - an uncursed ring of resist corrosion
 y - a ring of protection from magic (right hand)
 E - a +5 ring of strength (left hand)
 I - a +3 amulet of reflection (around neck)
Wands
 a - a wand of paralysis (5)
 v - a wand of iceblast (11)
 A - a wand of flame (15)
 D - a wand of acid (26)
 L - a wand of disintegration (16)
Scrolls
 k - 5 scrolls of identify
 m - 3 scrolls of immolation
 p - 5 scrolls of remove curse
 r - a scroll of enchant armour
 K - a scroll of magic mapping
Potions
 d - a potion of might
 l - a potion of brilliance
 q - a potion of magic
 u - a potion of ambrosia {unknown}
 F - 2 potions of curing
Comestibles
 b - 13 rations
 n - 5 chunks of flesh


   Skills:
 + Level 6.3 Fighting
 - Level 1.8(3.7) Axes
 + Level 5.1(5.3) Polearms
 + Level 3.4 Dodging
 - Level 1.7 Stealth
 + Level 4.7 Shields
 + Level 5.8 Spellcasting
 * Level 8.5 Conjurations
 * Level 9.1 Fire Magic
 * Level 8.9 Invocations


You had 3 spell levels left.
You knew the following spells:

 Your Spells              Type           Power        Failure   Level  Hunger
a - Flame Tongue          Conj/Fire      #####        1%          1    None
b - Throw Flame           Conj/Fire      #####.       1%          2    None
c - Conjure Flame         Conj/Fire      #####...     1%          3    ##.....
d - Inner Flame           Hex/Fire       ###.....     5%          3    ##.....
e - Sticky Flame          Conj/Fire      #####...     3%          4    ####...
f - Fireball              Conj/Fire      #####.....   9%          5    #####..

Your spell library contained the following spells:

 Spells                   Type           Power        Failure   Level  Hunger


Dungeon Overview and Level Annotations

Branches:
Dungeon (9/15)             Temple (1/1) D:7            Lair (3/6) D:8
 Shoals (0/4) Lair:2       Spider (0/4) Lair:2
    Orc: D:9-12

Altars:
Ashenzari
Cheibriados
Dithmenos
Elyvilon
Fedhas
Gozag
Hepliaklqana
Kikubaaqudgha
Makhleb
Nemelex Xobeh
Okawaru
Qazlal
Ru
Sif Muna
Trog
Uskayaw
Vehumet
Wu Jian
Xom
Yredelemnul
Zin
The Shining One

Annotations:
D:3 Robin
Lair:2 exclusion: oklob plant


Innate Abilities, Weirdness & Mutations

You can walk through water.
Your dull iron-grey scales are very hard. (AC +12)
You cannot fit into any form of body armour.
You can survive without breathing.
You are cold-blooded and may be slowed by cold attacks.


Message History

* * * LOW HITPOINT WARNING * * *
The seven-headed hydra bites you but does no damage. x2
You block the seven-headed hydra's attack.
The seven-headed hydra burns!
You see here a yak corpse.
The seven-headed hydra burns!
You draw... (choose one card, ? for their descriptions) a - Velocity b - Velocity
c - the Elixir You have drawn the Elixir.
You begin rapidly regenerating magic.
The seven-headed hydra burns!
The seven-headed hydra bites you.
* * * LOW HITPOINT WARNING * * *
The seven-headed hydra closely misses you.
You block the seven-headed hydra's attack.
The seven-headed hydra bites you!
* * * LOW HITPOINT WARNING * * *
The seven-headed hydra bites you.
You die...
Your body glows slightly and disappears.

..... .# ....###
. # #....
..........#
..+.#.8.#..
..8.. ...
...#...#.
........P
#...... ..# #.#
.... .. ..#
##'## .#..#
##...####...#.#.
#....†D@........
#8.<.8#÷........
#.....#....##..#
##.8.#.#..## #
######..## ###


You could see a seven-headed hydra (burning).

Vanquished Creatures
  A catoblepas (Lair:2)
  A hydra (Lair:1)
  Nergalle (Lair:2)
  3 spiny frogs (Lair:1)
  2 komodo dragons
  4 jumping spiders (Lair:2)
  2 blink frogs (Lair:2)
  3 hippogriffs
  A redback (Lair:2)
  Sigmund (D:6)
  10 yaks
  4 water moccasins
  5 porcupines
  6 ice beasts
  2 orc warriors
  2 black bears (D:8)
  4 sky beasts
  A centaur (D:7)
  A necrophage (D:5)
  7 ogres
  3 wolves (Lair:1)
  2 phantoms
  4 crocodiles
  4 bullfrogs
  3 scorpions
  3 wights (D:8)
  A crimson imp (D:8)
  2 jellies
  3 hounds
  3 orc wizards (D:8)
  3 orc priests (D:8)
  4 iguanas
  4 worker ants
  A killer bee zombie (D:5)
  A worker ant zombie (D:7)
  4 gnolls
  11 adders
  7 river rats (D:6)
  An ooze (D:3)
  2 adder skeletons (D:7)
  3 adder zombies
  3 worms
  A dart slug (D:1)
  8 leopard geckos
  12 orcs
  4 giant cockroaches
  9 goblins
  7 hobgoblins
  6 jackals
  6 kobolds
  2 quokkas
  A ball python (D:3)
  A ball python zombie (D:6)
  11 bats
  9 frilled lizards
  A leopard gecko skeleton (D:5)
  A quokka zombie (D:6)
  21 rats
233 creatures vanquished.

Vanquished Creatures (collateral kills)
  An orb spider (Lair:2)
  A phantom (D:6)
2 creatures vanquished.

Vanquished Creatures (others)
  An orc warrior (D:6)
  An orc priest (D:6)
  An iguana (D:6)
  An orc (D:8)
  14 fungi
  11 plants
29 creatures vanquished.

Grand Total: 264 creatures vanquished

Notes
Turn   | Place    | Note
-------+----------+-------------------------------------------
     0 | D:1      | CrazyJ the Draconian Fire Elementalist began the quest for
                  | the Orb.
     0 | D:1      | Reached XP level 1. HP: 14/14 MP: 3/3
   200 | D:1      | Reached XP level 2. HP: 8/22 MP: 1/5
   376 | D:1      | Learned a level 2 spell: Throw Flame
   740 | D:1      | Reached XP level 3. HP: 24/27 MP: 6/6
   754 | D:1      | Learned a level 3 spell: Conjure Flame
  1354 | D:2      | Found a blossoming altar of Fedhas.
  1384 | D:2      | Reached skill level 1 in Fighting
  1548 | D:2      | Found a faded altar of an unknown god.
  1764 | D:3      | Found a sparkling altar of Nemelex Xobeh.
  1797 | D:3      | Became a worshipper of Nemelex Xobeh the Trickster
  1896 | D:3      | Reached XP level 4. HP: 24/35 MP: 4/7
  1929 | D:3      | Received a gift from Nemelex Xobeh
  2172 | D:3      | Noticed Robin
  2437 | D:3      | Noticed a phantom
  2584 | D:3      | Killed a phantom
  2584 | D:3      | Reached skill level 1 in Axes
  2584 | D:3      | Reached skill level 4 in Fire Magic
  2584 | D:3      | Reached skill level 1 in Invocations
  2584 | D:3      | Reached XP level 5. HP: 22/40 MP: 0/8
  3220 | D:3      | Found a stormy altar of Qazlal.
  3220 | D:3      | Found a hazy altar of Hepliaklqana.
  3286 | D:4      | Noticed a sky beast
  3305 | D:4      | Killed a sky beast
  3305 | D:4      | Reached XP level 6. HP: 26/48 MP: 2/9
  3876 | D:4      | Reached * piety under Nemelex Xobeh
  4597 | D:4      | Your scales start taking on a dull iron-grey colour.
  4597 | D:4      | Reached XP level 7. HP: 34/56 MP: 3/11
  4597 | D:4      | Gained mutation: You can survive without breathing. [Grey
                  | Draconian growth]
  4602 | D:4      | Learned a level 3 spell: Inner Flame
  4910 | D:5      | Entered Level 5 of the Dungeon
  4911 | D:5      | Received a gift from Nemelex Xobeh
  4984 | D:5      | Reached skill level 1 in Polearms
  4984 | D:5      | Reached skill level 5 in Fire Magic
  5383 | D:5      | Reached XP level 8. HP: 36/63 MP: 10/12
  6389 | D:6      | Noticed Sigmund
  7041 | D:6      | Reached ** piety under Nemelex Xobeh
  7068 | D:6      | Identified the -1 long sword of Fyekemek {chaos, Str+5}
  7071 | D:6      | Killed Sigmund
  7071 | D:6      | Reached skill level 1 in Shields
  7071 | D:6      | Reached skill level 5 in Conjurations
  7071 | D:6      | Reached skill level 6 in Fire Magic
  7323 | D:6      | Reached skill level 5 in Invocations
  7905 | D:6      | Learned a level 4 spell: Sticky Flame
  7972 | D:7      | Reached XP level 9. HP: 71/71 MP: 7/14
  7993 | D:7      | Found a staircase to the Ecumenical Temple.
  8000 | Temple   | Entered the Ecumenical Temple
  9385 | D:8      | Reached skill level 7 in Fire Magic
 10133 | D:8      | Reached XP level 10. HP: 74/80 MP: 11/16
 10142 | D:8      | Learned a level 5 spell: Fireball
 10463 | D:8      | Reached skill level 5 in Fighting
 10504 | D:8      | Found a staircase to the Lair.
 10510 | Lair:1   | Entered Level 1 of the Lair of Beasts
 10511 | Lair:1   | Received a gift from Nemelex Xobeh
 10515 | Lair:1   | Noticed a seven-headed hydra
 10669 | D:8      | Found a shattered altar of Ashenzari.
 10669 | D:8      | Found a shimmering altar of Xom.
 10669 | D:8      | Found a hide-covered altar of Uskayaw.
 10866 | Lair:1   | Killed a seven-headed hydra
 11072 | Lair:1   | Noticed a spiny frog
 11086 | Lair:1   | Killed a spiny frog
 11086 | Lair:1   | Reached skill level 5 in Spellcasting
 11432 | Lair:1   | Reached skill level 8 in Fire Magic
 11502 | Lair:1   | Reached *** piety under Nemelex Xobeh
 11678 | Lair:1   | Noticed a spiny frog
 11686 | Lair:1   | Noticed a spiny frog
 11698 | Lair:1   | Killed a spiny frog
 11725 | Lair:1   | Killed a spiny frog
 12292 | Lair:2   | Received a gift from Nemelex Xobeh
 12318 | Lair:2   | Reached XP level 11. HP: 89/89 MP: 11/18
 12734 | Lair:2   | Noticed a catoblepas
 12819 | Lair:2   | Reached **** piety under Nemelex Xobeh
 12819 | Lair:2   | Received a gift from Nemelex Xobeh
 12879 | Lair:2   | Noticed Nergalle
 12895 | Lair:2   | Killed Nergalle
 13040 | Lair:2   | Noticed an oklob plant
 13275 | Lair:2   | Identified the -1 hand axe "Inett" {freeze, Fragile rPois
                  | rC+++ MR+++}
 13288 | Lair:2   | Killed a catoblepas
 13294 | Lair:2   | Noticed an orb spider
 13294 | Lair:2   | a komodo dragon changed into an orb spider
 13297 | Lair:2   | Identified the -1 hand axe "Ifaleug" {chop, rPois rF+}
 13310 | Lair:2   | Killed an orb spider
 13418 | Lair:2   | Received a gift from Nemelex Xobeh
 13446 | Lair:2   | Found a staircase to the Shoals.
 13704 | Lair:2   | Found a hole to the Spider Nest.
 14062 | Lair:2   | Reached skill level 5 in Polearms
 14141 | Lair:2   | Reached skill level 9 in Fire Magic
 14349 | Lair:3   | Noticed a seven-headed hydra
 14491 | Lair:3   | HP: 1/90 [seven-headed hydra (9)]
 14491 | Lair:3   | Slain by a seven-headed hydra

Skill      XL: |  1  2  3  4  5  6  7  8  9 10 11 |
---------------+----------------------------------+-----
Dodging        | 2 3 |  3.4
Fighting       | 1 2 3 4 5 6 |  6.3
Conjurations   | 2 3 4 5 6 7 8 |  8.5
Axes           | 1 |  1.8
Fire Magic     | 4 5 6 7 8 9 |  9.1
Invocations    | 1 2 3 5 6 8 |  8.9
Spellcasting   | 3 4 5 |  5.8
Polearms       | 1 2 3 4 5 |  5.1
Shields        | 1 2 4 |  4.7
Stealth        | |  1.7

Action                   |  1- 3 |  4- 6 |  7- 9 | 10-12 || total
-------------------------+-------+-------+-------+-------++-------
Melee: Unarmed           |     6 |       |       |       ||     6
       Hand axe          |   122 |   118 |       |       ||   240
       Tailslap          |     4 |     8 |    35 |    23 ||    70
       Halberd           |       |    14 |   124 |       ||   138
       Trident           |       |       |   369 |     4 ||   373
       Spear             |       |       |       |   168 ||   168
Throw: Stone             |     1 |     1 |       |       ||     2
 Cast: Flame Tongue      |    34 |    60 |    44 |    42 ||   180
       Throw Flame       |       |    12 |    32 |    26 ||    70
       Conjure Flame     |       |     1 |    23 |    14 ||    38
       Sticky Flame      |       |       |     4 |    39 ||    43
       Fireball          |       |       |       |     1 ||     1
Invok: Triple Draw       |       |       |       |     1 ||     1
 Abil: Draw Destruction  |       |     1 |     5 |     4 ||    10
       Draw Escape       |       |       |     2 |     2 ||     4
       Draw Summoning    |       |       |     1 |     2 ||     3
  Use: Scroll            |     2 |     2 |     6 |     5 ||    15
       Potion            |     1 |     2 |     5 |     1 ||     9
 Stab: Sleeping          |     3 |     3 |     6 |     1 ||    13
       Distracted        |       |       |     1 |       ||     1
  Eat: Chunk             |     3 |     7 |    16 |    14 ||    40
       Ration            |       |     1 |     2 |     2 ||     5
Armor: Skin              |    84 |    70 |   153 |    38 ||   345
Dodge: Dodged            |   152 |   107 |   264 |    74 ||   597
Block: Buckler           |       |       |   161 |    86 ||   247
       Reflection        |       |       |     4 |       ||     4
